 Seeded DCSS version 0.30-a0-250-g41c1d76940 (webtiles) character file.

Game seed: 11836800648259413034 (custom seed)

0 hikkokomori the Gusty (level 1, -1/16 HPs)
             Began as an Ogre Air Elementalist on Oct 13, 2022.
             Slain by a hobgoblin (4 damage)
             ... on level 1 of the Dungeon.
             The game lasted 00:00:45 (45 turns).

hikkokomori the Gusty (Ogre Air Elementalist)         Turns: 45, Time: 00:00:46

Health: -1/16      AC:  3    Str: 11    XL:     1   Next: 10%
Magic:  0/3        EV:  9    Int: 16    God:
Gold:   7          SH:  0    Dex:  9    Spells: 3/4 levels left

rFire   . . .      SeeInvis .    (no weapon)
rCold   . . .      Faith    .    (no shield)
rNeg    . . .      Spirit   .    a - +0 robe
rPois   .          Reflect  .    (helmet restricted)
rElec   .          Harm     .    (no cloak)
rCorr   .          Rampage  .    (gloves unavailable)
Will    .....                    (boots unavailable)
Stlth   +.........               (no amulet)
HPRegen 0.22/turn                (no ring)
MPRegen 0.08/turn                (no ring)

@: no status effects
A: large, unfitting armour, tough skin 1
a: no special abilities


You were on level 1 of the Dungeon.
You visited 1 branch of the dungeon, and saw 1 of its levels.

You collected 7 gold pieces.

Inventory:

Armour
 a - a +0 robe (worn)
Potions
 b - a potion of magic


   Skills:
 + Level 0.1 Fighting
 - Level 1.7 Dodging
 - Level 1.4 Stealth
 - Level 2.4 Spellcasting
 + Level 0.9 Conjurations
 + Level 2.7 Air Magic


You had 3 spell levels left.
You knew the following spells:

 Your Spells              Type           Power      Damage    Failure   Level
a - Shock                 Conj/Air       28%        1d4       10%         1

Your spell library contained the following spells:

 Spells                   Type           Power      Damage    Failure   Level
 Static Discharge         Conj/Air       14%        2-3/arc   14%         2
 Swiftness                Air            10%        N/A       21%         3
 Airstrike                Air            5%         2d(1-17)  54%         4


Dungeon Overview and Level Annotations

Branches:
Dungeon (1/15)

Altars:


Innate Abilities, Weirdness & Mutations

You are too large for most types of armour.
You have tough skin. (AC +1)


Message History

The frilled lizard closely misses you. The hobgoblin hits you.
Unknown command.
You closely miss the hobgoblin.
The hobgoblin is heavily wounded.
The frilled lizard barely misses you. The hobgoblin hits you.
There is an open door here.
The frilled lizard attacks as you move away!
The frilled lizard bites you.
The frilled lizard unfolds its giant frill.
You hit the frilled lizard.
You kill the frilled lizard!
Unknown command.
You barely miss the hobgoblin.
The hobgoblin is moderately wounded.
The hobgoblin hits you.
* * * LOW HITPOINT WARNING * * *
Unknown command.
Casting: Shock (safe; 10% risk of failure)
Confirm with . or Enter, or press ? or * to list all spells.
Aiming: Shock (safe; 10% risk of failure)
Press: ? - help, Shift-Dir - straight line, f - hobgoblin
Aim: a hobgoblin (68% to hit)
The zap misses the hobgoblin. x2; The hobgoblin closely misses you.
Unknown command.
You closely miss the hobgoblin.
The hobgoblin is moderately wounded.
The hobgoblin barely misses you.
Unknown command.
You barely miss the hobgoblin.
The hobgoblin is moderately wounded.
The hobgoblin hits you.
* * * LOW HITPOINT WARNING * * *
Unknown command.
Unknown command.
You barely miss the hobgoblin.
The hobgoblin is moderately wounded.
The hobgoblin hits you but does no damage.
Unknown command.
You barely miss the hobgoblin. The hobgoblin hits you.
You die...

#...#...#
#.......#
#...#...#
##.###.## #.#
#.# ##.###.##
... .. #...#...#
#..##. #...#.<.#
#...#.##.@.#...#
#.....##g###.##
##.....##g# #.#
#......##.###.#
#....#.#...#...
#......'...#...
#..##..#...#...
#...#####
.......


You could see 2 hobgoblins.

Vanquished Creatures
  A frilled lizard (D:1)
1 creature vanquished.

Notes
Turn   | Place    | Note
-------+----------+-------------------------------------------
     0 | D:1      | hikkokomori the Ogre Air Elementalist began the quest for
                  | the Orb.
     0 | D:1      | Reached XP level 1. HP: 16/16 MP: 3/3
    45 | D:1      | Slain by a hobgoblin

Illustrated notes

Levels and vault maps discovered:
D:1:      minmay_arrival_nine_rooms, layout_rooms,
          dreamdust_ecumenical_altar_hidden_monk_grotto

Action                   || total
-------------------------++-------
Melee: Unarmed           ||    12
 Cast: Shock             ||     4
Armor: Robe              ||     2
Dodge: Dodged            ||     6

Table legend: (Time is in decaauts)
 A = Elapsed time spent in this place.
 B = Non-inter-level travel time spent in this place.
 C = Inter-level travel time spent in this place.
 D = Time resting spent in this place.
 E = Time spent auto-exploring this place.
 F = Levels seen in this place.
 G = Mean time per level.
                   A        B        C        D        E       F      G
               +--------+--------+--------+--------+--------+-----+--------+
         Total |     45 |     45 |      0 |      0 |     21 |   1 |   45.0 |
       Dungeon |     45 |     45 |      0 |      0 |     21 |   1 |   45.0 |
               +--------+--------+--------+--------+--------+-----+--------+

Top non-repeatable levels by time:
     D:1: 45 daAuts
